 Dungeon Crawl Stone Soup version 0.30.1-11-g7821555f0a (webtiles) character file.

Game seed: 18034184976556199490

1806 lonewolfV2 the Righteous (level 9, 0/69 HPs)
             Began as a Formicid Fighter on Nov 28, 2023.
             Was a Follower of the Shining One.
             Slain by a killer bee (8 damage)
             ... on level 6 of the Dungeon.
             The game lasted 00:07:43 (4564 turns).

lonewolfV2 the Righteous (Formicid Fighter)         Turns: 4564, Time: 00:07:43

Health: 0/69       AC:  8    Str: 22    XL:     9   Next: 31%
Magic:  15/15      EV:  8    Int:  9    God:    the Shining One [*.....]
Gold:   341        SH:  9    Dex: 15    Spells: 8/8 levels left

rFire   . . .        a - +0 war axe
rCold   . . .        n - +0 kite shield
rNeg    . . .        b - +0 scale mail
rPois   .            (helmet unavailable)
rElec   .            (no cloak)
rCorr   +            (no gloves)
SInv    +            y - +0 pair of boots
Will    .....        f - amulet of regeneration
Stlth   x              - ring of resist corrosion
HPRegen 1.11/turn    (no ring)
MPRegen 0.14/turn

%: no passive effects
@: mighty, lethally poisoned (0 -> -1), glowing
A: permanent stasis, dig shafts and tunnels, antennae 3, four strong arms
a: Dig, Shaft Self, Renounce Religion, Divine Shield


You were on level 6 of the Dungeon.
You worshipped the Shining One.
The Shining One was aware of your devotion.
You visited 2 branches of the dungeon, and saw 7 of its levels.
You also visited: Sewer.

You collected 341 gold pieces.

Inventory:

Hand Weapons
 a - a +0 war axe (weapon)
Armour
 b - a +0 scale mail (worn)
 n - a +0 kite shield (worn)
 y - a +0 pair of boots (worn)
Jewellery
 f - an amulet of regeneration (around neck)
 h - a ring of wizardry
 x - a ring of resist corrosion (left hand)
Wands
 p - a wand of roots (9)
 z - a wand of acid (10)
Scrolls
 e - a scroll of amnesia
 g - 8 scrolls of teleportation
 k - a scroll of blinking
 l - a scroll of fog
 m - a scroll of torment
 s - a scroll of magic mapping
 t - a scroll of butterflies
Potions
 c - a potion of invisibility {unknown}
 d - 2 potions of might
 i - a potion of attraction
 j - a potion of haste {unknown}
 q - a potion of ambrosia {unknown}
 r - 2 potions of flight
 u - a potion of resistance {unknown}
 v - 2 potions of heal wounds {unknown}
 w - a potion of lignification {unknown}


   Skills:
 - Level 6.0 Fighting
 * Level 6.7 Axes
 - Level 6.0 Armour
 - Level 4.0 Shields
 + Level 8.1 Invocations


You had 8 spell levels left.
You didn't know any spells.
Your spell library contained the following spells:

 Spells                   Type           Power      Damage    Failure   Level
 Beastly Appendage        Tmut           0%         N/A       92%         1
 Wereblood                Tmut           0%         N/A       98%         2
 Spider Form              Tmut/Pois      0%         N/A       100%        3


Dungeon Overview and Level Annotations

Branches:
Dungeon (6/15)             Temple (1/1) D:4           Sewer (visited)

Altars:
Ashenzari
Dithmenos
Fedhas
Hepliaklqana
Makhleb
Okawaru
Sif Muna
Uskayaw
Vehumet
Zin
The Shining One

Portals:
Abyss: D:3

Annotations:
D:3 2 transporters, middlethird's ghost, amateur VSTm


Innate Abilities, Weirdness & Mutations

You cannot be hasted, slowed, berserked, paralysed or teleported.
You can dig through walls and to a lower floor.
You have a pair of large antennae on your head. (SInv)
Your four strong arms can wield two-handed weapons with a shield.


Message History

You are more poisoned.
The killer bee poisons you!
The killer bee stings you but does no damage.
The killer bee stings you! You block the killer bee's attack. x2
The killer bee stings you.
The killer bee stings you but does no damage.
You block the killer bee's attack. The killer bee stings you.
The killer bee stings you!
* * * LOW HITPOINT WARNING * * *
You are more poisoned.
The killer bee poisons you! The killer bee stings you.
* * * LOW HITPOINT WARNING * * *
You completely miss the killer bee.
The killer bee is almost dead.
You barely miss the killer bee. You hit the killer bee.
You closely miss the killer bee.
* * * LOW HITPOINT WARNING * * *
You feel extremely sick.
The killer bee stings you but does no damage.
You block the killer bee's attack.
The killer bee stings you but does no damage.
You block the killer bee's attack. The killer bee barely misses you.
The killer bee stings you.
* * * LOW HITPOINT WARNING * * *
The killer bee stings you but does no damage.
You block the killer bee's attack.
You feel better.
The killer bee stings you but does no damage.
You block the killer bee's attack.
The killer bee stings you but does no damage.
The killer bee stings you!
* * * LOW HITPOINT WARNING * * *
You are poisoned.
The killer bee poisons you!
The killer bee stings you but does no damage.
The killer bee barely misses you. You block the killer bee's attack.
The killer bee barely misses you.
You feel very mighty all of a sudden.
You feel sick. The killer bee stings you!
You die...

..... ###.. .... .... ##
... ... .# ..###.. .#
.....# .# #....# .#
#yyy.# .########
#.@y.### ........#
#......#
........#######.†....#
.........(..[........#
.....................#
.....................#
........................
...............######...
........######## { ...


You could see 4 killer bees.

Vanquished Creatures
  Sigmund (D:2)
  An ice beast (D:5)
  An ogre (D:4)
  3 phantoms
  A kobold brigand (D:6)
  Blork the orc (D:6)
  4 bullfrogs
  A scorpion (D:5)
  2 killer bees (D:6)
  A howler monkey (D:5)
  3 jellies
  4 hounds
  2 iguanas
  A sleepcap (D:6)
  An orc wizard (D:4)
  18 adders
  5 river rats (Sewer)
  A shadow imp (D:6)
  A white imp (D:5)
  2 ufetubi
  A worm (D:5)
  A dart slug (D:1)
  7 orcs
  5 endoplasms
  3 giant cockroaches
  7 goblins
  6 hobgoblins
  9 jackals
  10 kobolds
  4 quokkas
  17 ball pythons
  4 bats
  6 frilled lizards
  19 rats
153 creatures vanquished.

Notes
Turn   | Place    | Note
-------+----------+-------------------------------------------
     0 | D:1      | lonewolfV2 the Formicid Fighter began the quest for the
                  | Orb.
     0 | D:1      | Reached XP level 1. HP: 18/18 MP: 1/1
   109 | D:1      | Reached XP level 2. HP: 19/24 MP: 2/2
   221 | D:1      | Reached XP level 3. HP: 30/30 MP: 3/3
   489 | D:2      | Noticed Sigmund
   513 | D:2      | Killed Sigmund
   514 | D:2      | Reached skill level 5 in Fighting
   514 | D:2      | Reached skill level 5 in Armour
   514 | D:2      | Reached XP level 4. HP: 39/39 MP: 4/4
   514 | D:2      | Reached XP level 5. HP: 44/44 MP: 5/5
   614 | D:2      | Reached XP level 6. HP: 51/51 MP: 6/6
   714 | D:2      | Found a faded altar of an unknown god.
  1000 | D:3      | Found a one-way gate to the infinite horrors of the Abyss.
  1000 | D:3      | Noticed middlethird's ghost (amateur VSTm)
  1011 | D:3      | Found a transporter.
  1034 | D:3      | Found a transporter.
  1905 | D:4      | Found a staircase to the Ecumenical Temple.
  1932 | Temple   | Entered the Ecumenical Temple
  1966 | Temple   | Became a worshipper of the Shining One
  2060 | D:4      | Reached skill level 1 in Invocations
  2060 | D:4      | Reached XP level 7. HP: 56/58 MP: 6/8
  2109 | D:4      | Reached skill level 2 in Invocations
  2368 | D:4      | Reached skill level 3 in Invocations
  2750 | D:5      | Entered Level 5 of the Dungeon
  2812 | D:5      | Reached skill level 4 in Invocations
  2858 | D:5      | Reached XP level 8. HP: 64/64 MP: 11/11
  2919 | D:5      | Found a glowing drain.
  2935 | D:5      | Reached skill level 5 in Invocations
  2954 | Sewer    | Entered a sewer
  3231 | Sewer    | Reached skill level 6 in Invocations
  3884 | D:5      | Reached skill level 7 in Invocations
  4011 | D:6      | Noticed Blork the orc
  4019 | D:6      | Killed Blork the orc
  4020 | D:6      | Reached skill level 5 in Axes
  4190 | D:6      | Reached XP level 9. HP: 46/69 MP: 14/14
  4217 | D:6      | Reached * piety under the Shining One
  4556 | D:6      | Reached skill level 8 in Invocations
  4564 | D:6      | Slain by a killer bee

Illustrated notes

Levels and vault maps discovered:
D:1:      shiori_arrival_oz, layout_rooms, st_stairs_11, minmay_split_cup_small
D:2:      layout_rooms, hellmonk_ecumenical_altar_pennies_from_heaven,
          uniq_sigmund
D:3:      layout_basic, gammafunk_ghost_abyssal_escape
D:4:      layout_basic, minmay_temple_entry_stoned_glass, item_on_display_a
D:5:      layout_loops_ring, cheibrodos_sewer_entry_drain
D:6:      minmay_evil_eye, layout_gridville, mainiacjoe_overflow_alcove_2,
          minmay_fractal_squares_diagonal_5, uniq_crazy_yiuf_cottage,
          uniq_eustachio, uniq_blork_the_orc
Temple:   minmay_freezing_vapour_temple

Skill      XL: |  1  2  3  4  5  6  7  8  9 |
---------------+----------------------------+-----
Fighting       | 5 6 |  6.0
Armour         | 5 6 |  6.0
Invocations    | 1 4 7 8 |  8.1
Axes           | 3 5 6 |  6.7
Shields        | |  4.0

Action                     |  1- 3 |  4- 6 |  7- 9 || total
---------------------------+-------+-------+-------++-------
  Melee: War axe           |    47 |    95 |   293 ||   435
    Use: Scroll            |     4 |     7 |     4 ||    15
         Potion            |       |       |     5 ||     5
 Armour: Scale mail        |    19 |    60 |   165 ||   244
  Dodge: Dodged            |    27 |    64 |   159 ||   250
  Block: Buckler           |    18 |    28 |    22 ||    68
         Kite shield       |       |       |   185 ||   185
